 Dungeon Crawl Stone Soup version 0.26-a0-27-g1f0226971c (webtiles) character file.

Game seed: 2727424012061741595, levelgen mode: deterministic

106320 vurker the Unseen (level 16, -23/113 HPs)
             Began as an Octopode Earth Elementalist on May 27, 2020.
             Was a High Priest of Vehumet.
             Killed from afar by a storm dragon (glowing shapeshifter) (33 damage)
             ... with a bolt of lightning
             ... on level 15 of the Dungeon.
             The game lasted 01:36:37 (44265 turns).

vurker the Unseen (Octopode Earth Elementalist)    Turns: 44265, Time: 01:36:38

Health: -23/113    AC:  3    Str:  8    XL:     16   Next: 43%
Magic:  18/34      EV: 18    Int: 24    God:    Vehumet [*****.]
Gold:   2007       SH:  6    Dex: 12    Spells: 27/44 levels left

rFire    + . .     SeeInvis +   a - staff of earth
rCold    x . .     Gourm    .   f - +1 buckler
rNeg     + . .     Faith    .   p - +2 hat
rPois    +         Spirit   .   A - amulet of magic regeneration
rElec    .         Reflect  .   i - ring of positive energy
rCorr    .         Harm     .   s - ring of poison resistance
MR       +....                  C - ring of see invisible
Stlth    ++++++++..             K - ring of flight
HPRegen  0.28/turn              (no ring)
MPRegen  0.49/turn              (no ring)
                                B - ring of fire
                                (no ring)

@: very slightly contaminated, studying Stealth
A: almost no armour, stealthy swim, amphibious, 8 rings, constrict 8, camouflage
1, gelatinous body 1
a: Renounce Religion, Evoke Flight


You were on level 15 of the Dungeon.
You worshipped Vehumet.
Vehumet was extremely pleased with you.
You were not hungry.

You visited 4 branches of the dungeon, and saw 24 of its levels.
You also visited: Gauntlet.

You collected 2493 gold pieces.
You spent 486 gold pieces at shops.

Inventory:

Hand Weapons
 b - a +1 demon trident of freezing
   (You bought it in a shop on level 4 of the Dungeon)
Missiles
 t - 591 stones
 F - 4 throwing nets (quivered)
Armour
 f - a +1 buckler (worn)
   (You found it on level 1 of the Dungeon)
 p - a +2 hat (worn)
   (You found it on level 3 of the Dungeon)
Magical Staves
 a - an uncursed staff of earth (weapon)
   (You acquired it on level 1 of the Lair of Beasts)
Jewellery
 i - a ring of positive energy (left tentacle)
   (You found it on level 4 of the Dungeon)
 s - a ring of poison resistance (right tentacle)
   (You found it on level 7 of the Dungeon)
 A - an amulet of magic regeneration (around mantle)
   (You found it on level 13 of the Dungeon)
 B - a ring of fire (on tentacle)
   (You found it on level 7 of the Dungeon)
 C - a ring of see invisible (on tentacle)
   (You found it on level 10 of the Dungeon)
 K - a ring of flight (on tentacle)
   (You found it on level 4 of the Lair of Beasts)
 O - an uncursed ring of ice
   (You found it on level 5 of the Lair of Beasts)
 R - an uncursed ring of ice
   (You took it off Fannar on level 12 of the Dungeon)
Wands
 d - a wand of iceblast (2)
   (You found it on level 1 of the Lair of Beasts)
 u - a wand of paralysis (12)
   (You found it on level 4 of the Lair of Beasts)
 v - a wand of digging (4)
   (You found it on level 2 of the Lair of Beasts)
 x - a wand of acid (5)
   (You found it on level 12 of the Dungeon)
 z - a wand of polymorph (17)
   (You found it on level 7 of the Dungeon)
 T - a wand of enslavement (14)
   (You found it on level 12 of the Dungeon)
Scrolls
 c - 8 scrolls of enchant weapon
 g - 4 scrolls of immolation
 h - 4 scrolls of noise
 j - 11 scrolls of teleportation
 l - a scroll of blinking
 o - 2 scrolls of fear
 w - 4 scrolls of enchant armour
 y - 2 scrolls of vulnerability
 E - 3 scrolls of remove curse
 J - 11 scrolls of identify
 L - 5 scrolls of magic mapping
 N - a scroll of fog
Potions
 k - 9 potions of curing
 m - 4 potions of lignification
 n - 3 potions of mutation
 q - 6 potions of brilliance
 r - 9 potions of flight
 G - a potion of ambrosia
 H - a potion of magic
 I - 2 potions of cancellation
 M - a potion of heal wounds
 Q - 2 potions of invisibility
 S - 3 potions of haste
Books
 D - a manual of Stealth
   (You found it on level 9 of the Dungeon)
Comestibles
 e - 32 rations
 P - a chunk of flesh


   Skills:
 + Level 11.4 Fighting
 + Level 9.5 Dodging
 + Level 17.7 Stealth
 - Level 4.0 Shields
 * Level 14.5 Spellcasting
 - Level 3.0 Conjurations
 - Level 1.0 Transmutations
 * Level 15.7 Earth Magic
 - Level 3.0 Poison Magic


You had 27 spell levels left.
You knew the following spells:

 Your Spells              Type           Power        Failure   Level  Hunger
a - Sandblast             Erth           ######       0%          1    None
b - Stone Arrow           Conj/Erth      ######       1%          3    None
q - Passwall              Tmut/Erth      ######..     1%          2    None
r - Olgreb's Toxic Radia  Pois           ####....     2%          4    None
w - Blink                 Tloc           N/A          4%          2    None
z - Lee's Rapid Deconstr  Erth           #######...   1%          5    ##.....

Your spell library contained the following spells:

 Spells                   Type           Power        Failure   Level  Hunger
 Irradiate                Conj/Tmut      ####......   11%         5    ##.....
 Magic Dart               Conj           ####         1%          1    None
 Sting                    Tmut/Pois      ####         1%          1    None
 Searing Ray              Conj           ####..       1%          2    None
 Conjure Flame            Conj/Fire      #####...     1%          3    None
 Dazzling Flash           Conj/Hex       ###...       1%          3    None
 Ignite Poison            Fire/Tmut/Pois #####...     1%          3    None
 Mephitic Cloud           Conj/Pois/Air  ####....     1%          3    None
 Leda's Liquefaction      Hex/Erth       ######....   1%          4    None
 Petrify                  Tmut/Erth      ######..     1%          4    None
 Poisonous Vapours        Pois/Air       ###...       2%          2    None
 Animate Skeleton         Necr           N/A          3%          1    None
 Apportation              Tloc           ###...       3%          1    None
 Corona                   Hex            ###....      3%          1    None
 Pain                     Necr           ###.         3%          1    None
 Summon Small Mammal      Summ           ###.         3%          1    None
 Call Imp                 Summ           ###.....     4%          2    None
 Corpse Rot               Necr/Air       N/A          4%          2    None
 Slow                     Hex            ###.....     4%          2    None
 Sublimation of Blood     Necr           ###.......   4%          2    None
 Fulminant Prism          Conj/Hex       ###.......   5%          4    None
 Iskenderun's Mystic Bla  Conj/Tloc      ###.....     5%          4    None
 Confusing Touch          Hex            ###.....     10%         3    None
 Gell's Gravitas          Tloc           ###.......   10%         3    None
 Vampiric Draining        Necr           ###.......   10%         3    None
 Yara's Violent Unravell  Hex/Tmut       ###.......   19%         5    ##.....
 Animate Dead             Necr           N/A          32%         4    None
 Dispel Undead            Necr           ###.....     32%         4    None
 Agony                    Necr           ###.....     67%         5    ##.....
 Excruciating Wounds      Chrm/Necr      ###.......   67%         5    ##.....
 Metabolic Englaciation   Hex/Ice        ###.......   67%         5    ##.....


Dungeon Overview and Level Annotations

Branches:
Dungeon (15/15)            Temple (1/1) D:7            Lair (6/6) D:8
  Swamp (0/4) Lair:3       Spider (0/4) Lair:4        Slime (0/5) Lair:6
    Orc (2/2) D:12            Elf (0/3) Orc:2        Vaults (0/5) D:14
Gauntlet (visited)
 Depths: D:15

Altars:
Cheibriados
Gozag
Kikubaaqudgha
Okawaru
Qazlal
Ru
Sif Muna
Vehumet
Wu Jian
Xom
Beogh
Jiyva

Shops:
D:4 (   D:5 }   Orc:2 :(*[

Portals:
Trove: D:11 (show slimy rune of Zot)

Annotations:
D:5 2 transporters


Innate Abilities, Weirdness & Mutations

You cannot wear most types of armour.
You are very stealthy in the water. (Stealth+)
You are amphibious.
You can wear up to eight rings at the same time.
You can use your tentacles to constrict eight enemies at once.
Your skin changes colour to match your surroundings (Stealth+).
Your rubbery body absorbs attacks. (AC +1, EV +1)


Message History

The roots' grasp on you weakens, but your attempt to escape fails.
The grasping roots constrict you!
Aim: Jorgrun, wielding a +0 vorpal quarterstaff and wearing a +0 robe of resistance (severely wounded)
You feel a surge of power!
The stone arrow hits Jorgrun!
Jorgrun casts a spell at you. The iron shot misses you.
The grasping roots constrict you!
A rock wall.
Okay, then.
Aim: Jorgrun, wielding a +0 vorpal quarterstaff and wearing a +0 robe of resistance (severely wounded)
The mass of ice explodes!
The iceblast engulfs Jorgrun!
Jorgrun partially resists.
Jorgrun points at you and mumbles some strange words.
The iron shot hits you!!!
* * * LOW HITPOINT WARNING * * *
* * * LOW HITPOINT WARNING * * *
The grasping roots constrict you!
Blink to where?
The roots' grasp on you weakens, but your attempt to escape fails.
As you read the scroll of blinking, it crumbles to dust.
The azure jelly changes into a dire elephant!
* * * LOW HITPOINT WARNING * * *
The grasping roots constrict you.
You feel much better.
* * * LOW HITPOINT WARNING * * *
The grasping roots constrict you!
Aim: Jorgrun, wielding a +0 vorpal quarterstaff and wearing a +0 robe of resistance (almost dead)
You feel a surge of power!
The stone arrow hits Jorgrun!
Jorgrun misses you.
* * * LOW HITPOINT WARNING * * *
The grasping roots constrict you!
Aim: Jorgrun, wielding a +0 vorpal quarterstaff and wearing a +0 robe of resistance (almost dead)
You feel a surge of power!
The stone arrow misses Jorgrun.
Jorgrun points at you and mumbles some strange words.
You resist with significant effort.
* * * LOW HITPOINT WARNING * * *
The grasping roots constrict you! The dire elephant barely misses you.
The dire elephant trunk-slaps you.
* * * LOW HITPOINT WARNING * * *
Okay, then.
Aim: Jorgrun, wielding a +0 vorpal quarterstaff and wearing a +0 robe of resistance (almost dead)
You feel a surge of power!
The stone arrow hits Jorgrun!
You kill Jorgrun!
Vehumet accepts your kill.
You feel your power returning.
The dire elephant changes into a storm dragon!
Blink to where?
You are very lightly contaminated with residual magic.
As you read the scroll of blinking, it crumbles to dust.
The storm dragon breathes lightning at you.
The bolt of lightning hits you!!
You die...

....................# ......
..........######....# .....
..........#....#....# ....
######....#....#....###'#######
#....#....#...............
#....###'##.......D.......
#.................ยง)......
######.......................##
................@.############
#.................#
#..............####
#..............#
################


You could see a storm dragon shaped shifter (catching breath).

Vanquished Creatures
  Jorgrun (D:15)
  Kirke (Lair:5)
  Roxanne (D:14)
  2 orc warlords (Orc:2)
  Azrael (Orc:2)
  Snorg (D:11)
  Erolcha (Orc:1)
  2 rakshasas (D:15)
  Fannar (D:12)
  An ogre mage (D:14)
  8 hydras
  A catoblepas (Lair:5)
  7 centaur warriors
  A death knight (D:12)
  10 two-headed ogres
  Sonja (Lair:5)
  5 orc high priests
  4 unseen horrors
  2 phantasmal warriors (D:15)
  9 orc knights
  10 ugly things
  4 orc sorcerers
  7 cyclopes
  4 deep elf magi
  3 elephants (Lair:5)
  2 manticores
  4 black mambas
  Psyche (D:12)
  2 centaur skeletons (D:12)
  18 spiny frogs
  Maggie (D:9)
  5 yaktaurs (D:14)
  4 freezing wraiths
  3 kobold demonologists (D:14)
  A rime drake (Lair:6)
  5 komodo dragons
  A tengu conjurer (D:15)
  A jumping spider (Lair:4)
  2 polar bears (Lair:5)
  A polar bear (shapeshifter) (D:13)
  5 trolls
  5 tyrant leeches (Lair:6)
  18 blink frogs
  7 slime creatures
  10 hippogriffs
  5 dream sheep (Lair:5)
  A yak (shapeshifter) (D:15)
  3 wyverns
  Sigmund (D:5)
  4 water elementals (D:14)
  Eustachio (D:5)
  4 fire elementals
  2 wraiths
  2 basilisks
  A steam dragon (D:11)
  6 vampire mosquitoes
  52 yaks
  4 hungry ghosts
  3 hogs (Lair:5)
  Edmund (D:5)
  Menkaure (D:7)
  A warg (Orc:2)
  3 swamp worms (Lair:3)
  2 acid dragons
  A soldier ant (D:11)
  Duvessa (D:4)
  9 water moccasins
  4 hell hounds (Orc:2)
  A two-headed ogre zombie (D:12)
  7 porcupines
  52 orc warriors
  2 ice beasts (D:7)
  2 black bears
  2 eyes of draining
  A black bear (shapeshifter) (D:15)
  3 phantoms
  A boggart (D:14)
  17 ogres
  18 centaurs
  12 crocodiles
  6 big kobolds
  25 bullfrogs
  A gnoll sergeant (D:7)
  Dowan (D:4)
  6 scorpions
  A water moccasin skeleton (D:5)
  2 troll zombies (D:12)
  8 killer bees (D:9)
  5 wights
  2 electric eels (D:14)
  4 howler monkeys
  3 bullfrog zombies
  3 centaur zombies
  4 crimson imps
  A quasit (D:11)
  2 gnoll shamans (D:7)
  9 hounds
  5 jellies
  28 orc priests
  31 orc wizards
  3 bullfrog skeletons
  3 iguanas
  17 worker ants
  A killer bee zombie (D:7)
  4 ogre zombies (D:12)
  A hound zombie (D:4)
  2 hound skeletons
  A mummy (D:6)
  Robin (D:2)
  10 gnolls
  A howler monkey skeleton (D:10)
  13 adders
  2 shadow imps
  5 adder skeletons
  4 worms
  5 leopard geckos
  101 orcs
  6 bats
  4 giant cockroaches
  19 goblins
  22 hobgoblins
  14 jackals
  2 quokkas
  4 ball pythons
  5 frilled lizards
  3 goblin skeletons (D:12)
  3 goblin zombies (D:12)
  A hobgoblin skeleton (D:12)
  3 hobgoblin zombies
  26 kobolds
  A leopard gecko zombie (D:5)
  5 orc skeletons (D:12)
  14 orc zombies
  6 rats
873 creatures vanquished.

Vanquished Creatures (others)
  2 bushes (Lair:6)
  25 fungi
  76 plants
  3 withered plants (Gauntlet)
106 creatures vanquished.

Grand Total: 979 creatures vanquished

Notes
Turn   | Place    | Note
-------+----------+-------------------------------------------
     0 | D:1      | vurker the Octopode Earth Elementalist began the quest for
                  | the Orb.
     0 | D:1      | Reached XP level 1. HP: 11/11 MP: 3/3
   892 | D:1      | Reached XP level 2. HP: 17/18 MP: 3/5
  1311 | D:2      | Reached XP level 3. HP: 20/22 MP: 2/6
  1386 | D:1      | Reached skill level 1 in Fighting
  1386 | D:1      | Reached skill level 1 in Shields
  1656 | D:2      | Reached XP level 4. HP: 20/28 MP: 2/8
  1919 | D:2      | Noticed Robin
  1991 | D:1      | Learned a level 3 spell: Stone Arrow
  1994 | D:1      | Learned a level 2 spell: Passwall
  2540 | D:2      | Killed Robin
  2973 | D:2      | Found a shimmering blue altar of Sif Muna.
  3135 | D:3      | Reached XP level 5. HP: 33/33 MP: 6/9
  3197 | D:3      | Reached skill level 1 in Conjurations
  4179 | D:3      | Reached XP level 6. HP: 29/39 MP: 6/10
  4705 | D:4      | Found Temaes's Antique Weapon Shoppe.
  4800 | D:4      | Reached XP level 7. HP: 20/45 MP: 7/12
  5332 | D:4      | Noticed Dowan
  5336 | D:4      | Noticed Duvessa
  5377 | D:4      | Reached skill level 5 in Earth Magic
  5434 | D:4      | Killed Duvessa
  5661 | D:4      | Killed Dowan
  5992 | D:5      | Entered Level 5 of the Dungeon
  6007 | D:5      | Reached XP level 8. HP: 51/51 MP: 6/14
  6186 | D:5      | Noticed Edmund
  6246 | D:5      | Killed Edmund
  6600 | D:5      | Reached skill level 5 in Spellcasting
  6626 | D:5      | Learned a level 5 spell: Lee's Rapid Deconstruction
  6811 | D:5      | Noticed Eustachio
  6813 | D:5      | Got an ancient mace
  6895 | D:5      | Killed Eustachio
  7048 | D:5      | Found Nitaj's Gadget Shop.
  7129 | D:5      | Found a transporter.
  7188 | D:5      | Found a transporter.
  7189 | D:5      | Noticed Sigmund
  7197 | D:5      | Killed Sigmund
  7757 | D:6      | Found an ancient bone altar of Kikubaaqudgha.
  7847 | D:6      | Reached XP level 9. HP: 58/58 MP: 10/17
  7905 | D:6      | Identified the cursed +1 mace of Context {speed, rF- Int+3}
                  | (You found it on level 5 of the Dungeon)
  8322 | D:7      | Noticed Menkaure
  8333 | D:7      | Killed Menkaure
  9465 | D:7      | Reached skill level 5 in Fighting
  9944 | D:7      | Found a staircase to the Ecumenical Temple.
 10231 | Temple   | Entered the Ecumenical Temple
 10242 | Temple   | Became a worshipper of Vehumet
 10385 | D:8      | Reached XP level 10. HP: 27/66 MP: 5/21
 10815 | D:8      | Noticed a manticore
 10868 | D:8      | Killed a manticore
 11605 | D:8      | Found a staircase to the Lair.
 11694 | D:8      | Reached * piety under Vehumet
 11694 | D:8      | Offered knowledge of Foxfire by Vehumet.
 12395 | D:9      | Noticed Maggie
 13069 | D:9      | Reached skill level 10 in Earth Magic
 13516 | D:9      | Killed Maggie
 13516 | D:9      | Reached skill level 3 in Stealth
 13785 | D:10     | Entered Level 10 of the Dungeon
 13899 | D:10     | Noticed a two-headed ogre
 13911 | D:10     | Killed a two-headed ogre
 13911 | D:10     | Reached skill level 4 in Stealth
 13911 | D:10     | Reached XP level 11. HP: 74/74 MP: 9/24
 14245 | D:10     | Reached skill level 5 in Stealth
 14360 | D:10     | Offered knowledge of Shock by Vehumet.
 14360 | D:10     | Reached ** piety under Vehumet
 15351 | D:11     | Reached skill level 6 in Stealth
 16167 | D:11     | Noticed Snorg
 16411 | D:11     | Found a portal to a secret trove of treasure.
 16586 | D:11     | Noticed an unseen horror
 16591 | D:11     | Killed an unseen horror
 16591 | D:11     | Reached skill level 7 in Stealth
 16591 | D:11     | Reached skill level 10 in Spellcasting
 16653 | D:11     | Noticed a purple ugly thing
 16658 | D:11     | Killed a purple ugly thing
 17019 | D:11     | Killed Snorg
 17019 | D:11     | Offered knowledge of Inner Flame by Vehumet.
 17019 | D:11     | Reached skill level 8 in Stealth
 17261 | Lair:1   | Entered Level 1 of the Lair of Beasts
 17485 | Lair:1   | Reached XP level 12. HP: 82/82 MP: 16/26
 17687 | Lair:1   | Noticed a four-headed hydra
 17750 | Lair:1   | Reached *** piety under Vehumet
 17750 | Lair:1   | Reached skill level 9 in Stealth
 18043 | Lair:1   | Killed a four-headed hydra
 18193 | Lair:1   | Identified a scroll of acquirement
 19517 | Lair:3   | Found a gate leading to a gauntlet.
 19530 | Gauntlet | Entered a Gauntlet
 19530 | Gauntlet | Found a transporter.
 19530 | Gauntlet | Found a transporter.
 19534 | Gauntlet | Found a transporter.
 19534 | Gauntlet | Found a transporter.
 19544 | Gauntlet | Found a transporter.
 19552 | Gauntlet | Found a transporter.
 19552 | Gauntlet | Noticed a death yak
 19553 | Gauntlet | Noticed a death yak
 19554 | Gauntlet | Found a transporter.
 19554 | Gauntlet | Found a transporter.
 19554 | Gauntlet | Noticed a death yak
 19555 | Gauntlet | Noticed a death yak
 19555 | Gauntlet | Noticed a death yak
 19560 | Gauntlet | Found a transporter.
 19598 | Gauntlet | Found a transporter.
 19618 | Gauntlet | Found a transporter.
 19632 | Gauntlet | Found a transporter.
 19670 | Gauntlet | Found a transporter.
 19686 | Gauntlet | Found a transporter.
 19789 | Gauntlet | Found a transporter.
 19807 | Gauntlet | Found a transporter.
 20117 | Lair:3   | You fall into a shaft and drop 3 floors!
 20117 | Lair:6   | Entered Level 6 of the Lair of Beasts
 20118 | Lair:6   | Noticed a four-headed hydra
 20140 | Lair:5   | Noticed Kirke
 20284 | Lair:5   | Reached skill level 10 in Stealth
 20514 | Lair:3   | Noticed an eight-headed hydra
 20520 | Lair:3   | Killed an eight-headed hydra
 20557 | Lair:3   | Noticed a six-headed hydra
 20805 | Lair:3   | Killed a six-headed hydra
 21053 | Lair:3   | Found a staircase to the Swamp.
 21675 | Lair:4   | Found a hole to the Spider Nest.
 21682 | Lair:4   | Offered knowledge of Frozen Ramparts by Vehumet.
 21970 | Lair:4   | Reached skill level 11 in Stealth
 22687 | Lair:5   | Reached skill level 5 in Dodging
 22691 | Lair:5   | Noticed a catoblepas
 23134 | Lair:5   | Reached XP level 13. HP: 89/89 MP: 7/28
 23389 | Lair:5   | Noticed Sonja
 23423 | Lair:5   | Killed Sonja
 23878 | Lair:5   | Reached skill level 12 in Stealth
 24052 | Lair:5   | Killed Kirke
 24052 | Lair:5   | Reached **** piety under Vehumet
 24783 | Lair:5   | Offered knowledge of Mephitic Cloud by Vehumet.
 26036 | Lair:6   | Reached skill level 13 in Stealth
 26667 | Lair:6   | Reached ***** piety under Vehumet
 26804 | Lair:6   | Reached XP level 14. HP: 97/97 MP: 17/30
 26928 | Lair:6   | Offered knowledge of Conjure Ball Lightning by Vehumet.
 27551 | Lair:6   | Found a viscous altar of Jiyva.
 27554 | Lair:6   | Found a staircase to the Slime Pits.
 27675 | Lair:6   | Reached skill level 14 in Stealth
 28191 | Lair:6   | Identified the Reference Book on the Mountains
 29159 | D:12     | Found a staircase to the Orcish Mines.
 29159 | D:12     | Noticed Psyche
 29161 | D:12     | Killed Psyche
 29506 | D:12     | Noticed Fannar
 29513 | D:12     | Killed Fannar
 29661 | D:12     | Reached skill level 10 in Fighting
 32294 | D:12     | Learned a level 4 spell: Olgreb's Toxic Radiance
 32295 | Orc:1    | Entered Level 1 of the Orcish Mines
 32500 | Orc:1    | Offered knowledge of Fireball by Vehumet.
 32505 | Orc:1    | Reached skill level 15 in Stealth
 33230 | Orc:1    | Reached skill level 1 in Poison Magic
 33231 | Orc:1    | Found a roughly hewn altar of Beogh.
 34030 | Orc:2    | Entered Level 2 of the Orcish Mines
 34310 | Orc:2    | Offered knowledge of Spellforged Servitor by Vehumet.
 34313 | Orc:2    | Noticed an orc warlord
 34666 | Orc:1    | Found a roughly hewn altar of Beogh.
 34744 | Orc:1    | Reached XP level 15. HP: 105/105 MP: 3/32
 35476 | Orc:2    | Found a staircase to the Elven Halls.
 36040 | Orc:2    | Noticed Azrael
 36342 | Orc:2    | Noticed Erolcha
 36343 | Orc:2    | Paralysed by Erolcha for 6 turns
 36352 | Orc:1    | Killed Erolcha
 36939 | Orc:1    | Found a roughly hewn altar of Beogh.
 37139 | Orc:2    | Killed Azrael
 37308 | Orc:2    | Killed an orc warlord
 38026 | Orc:2    | Reached skill level 16 in Stealth
 38422 | Orc:2    | Noticed an orc warlord
 38486 | Orc:2    | Killed an orc warlord
 38686 | Orc:2    | Found Kukk's General Store.
 38687 | Orc:2    | Found Kaumutok's Book Shoppe.
 38809 | Orc:2    | Found Xaczeshruwaon's Antique Armour Emporium.
 38809 | Orc:2    | Found Piogg's Antique Weapon Emporium.
 39123 | Orc:2    | Offered knowledge of Irradiate by Vehumet.
 39799 | D:4      | Bought a glowing demon trident for 486 gold pieces
 40322 | D:13     | Reached skill level 15 in Earth Magic
 41101 | D:13     | Learned a level 2 spell: Blink
 41317 | D:14     | Noticed Roxanne
 41854 | D:14     | Found an iron altar of Okawaru.
 41912 | D:14     | Found a sacrificial altar of Ru.
 42502 | D:14     | Reached skill level 17 in Stealth
 42722 | D:14     | Reached XP level 16. HP: 112/112 MP: 26/34
 43203 | D:14     | Found a gate to the Vaults.
 43319 | D:14     | Killed Roxanne
 43424 | D:15     | Entered Level 15 of the Dungeon
 44253 | D:15     | Noticed Jorgrun
 44256 | D:15     | Noticed an azure jelly
 44260 | D:15     | an azure jelly changed into a dire elephant
 44264 | D:15     | Killed Jorgrun
 44264 | D:15     | Noticed a storm dragon
 44264 | D:15     | a dire elephant changed into a storm dragon
 44265 | D:15     | Killed from afar by a storm dragon (glowing shapeshifter)

Illustrated notes

Levels and vault maps discovered:
D:1:      arrival_zaba_pyramid, layout_loops_ring
D:2:      layout_basic, led_sif_pool, uniq_robin
D:3:      cheibrodos_greedy_goblins, layout_basic
D:4:      layout_basic, serial_shops, shop_fountains, kennysheep_pointless_box,
          grunt_ministairs_13, uniq_duvessa
D:5:      gammafunk_cloud_chamber, layout_loops_ring, first_ration,
          serial_shops, shop_statue, uniq_sigmund, uniq_eustachio, uniq_edmund
D:6:      layout_loops_ring, basic_altar, minmay_mini_ossuary
D:7:      kennysheep_housing_project, layout_cave_pools,
          lemuel_temple_firewalk_b, uniq_menkaure
D:8:      layout_basic, grunt_lair_entry_orc_guard_hut
D:9:      layout_loops_ring, uniq_maggie
D:10:     layout_stronghold
D:11:     layout_irregular_city, trove_entry_hex_spiral, minmay_misc_feat_cross,
          uniq_snorg
D:12:     layout_grid_maze, zombieorc2_lemuel, uniq_fannar, uniq_psyche
D:13:     layout_cross, serial_co_window_serial, co_window_corner_a,
          co_window_of_opportunity_a, co_window_paths_a, co_window_paths_b,
          co_window_of_opportunity_a, co_window_cross_2, co_window_cross_3,
          co_window_corner_b, glass_columns_a, glass_columns_a, glass_columns_c,
          glass_columns_a, glass_columns_b, grunt_ogre_cave
D:14:     layout_basic, hangedman_vaults_entry_quadrant_bands,
          lemuel_crystal_altar, nicolae_ru_path_of_blood, uniq_roxanne
D:15:     gammafunk_enter_depths_forms, layout_irregular_city, nooodl_food_tri,
          uniq_jorgrun
Temple:   nicolae_temple_the_god_donut
Lair:1:   layout_regular_city
Lair:2:   layout_roguey
Lair:3:   layout_misc_corridors, palyth_hydra_swamp_entry,
          gauntlet_entry_generic
Lair:4:   layout_layer_cave, spider_nest_entry_rubble
Lair:5:   layout_layer_cave, lemuel_fruit_tree, grunt_megastairs_5,
          lemuel_fruit_fields, lemuel_fruit_fields, uniq_sonja, uniq_kirke
Lair:6:   minmay_lair_end_frog_pond, layout_small_grid, slime_altar_1,
          chequers_serial_rivers_micro_a
Orc:1:    layout_diamond_mine, enter_bailey_4, special_room [special_room_orc],
          mines1_david
Orc:2:    st_orc_congregation, layout_diamond_mine, uniq_azrael, uniq_erolcha

Skill      XL: |  1  2  3  4  5  6  7  8  9 10 11 12 13 14 15 |
---------------+----------------------------------------------+-----
Fighting       | 1 2 4 5 6 7 8 9 10 11 | 11.4
Shields        | 1 2 3 4 |  4.0
Earth Magic    | 4 5 6 8 10 11 12 13 14 15 | 15.7
Spellcasting   | 3 4 5 7 9 10 11 12 13 14 | 14.5
Conjurations   | 1 2 3 |  3.0
Stealth        | 4 8 11 13 15 17 | 17.7
Dodging        | 3 5 6 8 9 |  9.5
Poison Magic   | 1 3 |  3.0
Transmutations | |  1.0

Action                   |  1- 3 |  4- 6 |  7- 9 | 10-12 | 13-15 | 16-18 || total
-------------------------+-------+-------+-------+-------+-------+-------++-------
Melee: Unarmed           |    13 |       |       |       |       |       ||    13
       Constrict         |    15 |    38 |    46 |    10 |     5 |       ||   114
       Dagger            |    39 |   128 |   104 |    44 |       |       ||   315
       Tentacles         |     8 |    15 |    25 |     8 |     3 |       ||    59
       Mace              |       |       |    70 |       |       |       ||    70
       Staff             |       |       |       |       |    13 |       ||    13
Throw: Stone             |       |       |       |       |     1 |       ||     1
 Cast: Sandblast         |    14 |    56 |    85 |   116 |   137 |     1 ||   409
       Stone Arrow       |       |     3 |    45 |   222 |   346 |    23 ||   639
       Lee's Rapid Decon |       |       |       |    50 |   359 |    60 ||   469
Evoke: Wand              |       |     3 |     4 |     5 |    12 |     1 ||    25
  Use: Potion            |     3 |       |       |     1 |       |     1 ||     5
       Scroll            |       |    10 |     7 |    21 |     2 |     3 ||    43
 Stab: Sleeping          |     5 |     9 |     9 |     3 |       |       ||    26
       Distracted        |       |       |     1 |       |       |       ||     1
  Eat: Chunk             |     2 |    10 |    15 |    36 |    65 |     5 ||   133
       Ration            |       |       |     1 |     4 |     8 |     1 ||    14
Armor: Skin              |     8 |    20 |    14 |     9 |    14 |       ||    65
Dodge: Dodged            |    39 |    87 |   114 |    69 |   156 |    11 ||   476
Block: Buckler           |       |    25 |    55 |    37 |    60 |     8 ||   185

Table legend:
 A = Non-vault XP
 B = Vault XP
 C = Vault XP percentage of total XP
 D = Non-vault monster count
 E = Vault monster count
 F = Vault count percentage of total count
                 A         B        C        D         E       F
            +---------+---------+-------+---------+---------+-------
      Total |   92296 |   59591 |  39.2 |     565 |     308 |  35.3
            +---------+---------+-------+---------+---------+-------
        D:1 |      36 |       0 |   0.0 |      13 |       0 |   0.0
        D:2 |      73 |      38 |  34.2 |      22 |      13 |  37.1
        D:3 |     128 |      54 |  29.7 |      29 |      11 |  27.5
        D:4 |     588 |     236 |  28.6 |      27 |       3 |  10.0
        D:5 |     462 |     593 |  56.2 |      23 |       3 |  11.5
        D:6 |     243 |      22 |   8.3 |       7 |       5 |  41.7
        D:7 |     858 |     986 |  53.5 |      21 |      31 |  59.6
        D:8 |    1890 |     425 |  18.4 |      22 |       4 |  15.4
        D:9 |    1935 |     395 |  17.0 |      30 |       1 |   3.2
       D:10 |    2245 |       0 |   0.0 |      22 |       0 |   0.0
       D:11 |    6424 |    1180 |  15.5 |      33 |       1 |   2.9
       D:12 |   10625 |    2385 |  18.3 |      53 |      38 |  41.8
       D:13 |    7514 |     921 |  10.9 |      23 |       1 |   4.2
       D:14 |   15432 |    6831 |  30.7 |      48 |      21 |  30.4
       D:15 |    8564 |    5978 |  41.1 |      18 |       8 |  30.8
     Lair:1 |    3780 |       0 |   0.0 |      15 |       0 |   0.0
     Lair:2 |    1652 |       0 |   0.0 |       6 |       0 |   0.0
     Lair:3 |    1063 |    2587 |  70.9 |       5 |       7 |  58.3
     Lair:4 |    2760 |     735 |  21.0 |      17 |       3 |  15.0
     Lair:5 |    7695 |    5757 |  42.8 |      20 |      16 |  44.4
     Lair:6 |    9045 |   11505 |  56.0 |      33 |      44 |  57.1
      Orc:1 |    4359 |    6047 |  58.1 |      43 |      35 |  44.9
      Orc:2 |    4925 |   12916 |  72.4 |      35 |      63 |  64.3
            +---------+---------+-------+---------+---------+-------
